BBA
VANCOUVER MOUNTIES @ DES MOINES KERNELS
05/29/2058
 
TOP OF THE 1ST
Vancouver Mounties batting - Pitching for Des Moines Kernels : RHP Alonso Amaya
Pitching: RHP Alonso Amaya
Batting: RHB Yodo Sato 0-0: DOUBLE (Line Drive, 78XD, EV 104.4 MPH)
Batting: RHB Ramón Moreno 0-0: Swinging Strike
0-1: Ball
1-1: Foul Ball, location: 2F
1-2: Ball
2-2: TRIPLE (Flyball, 9LD, EV 98.1 MPH)
Yodo Sato scores
Batting: SHB Tony Frost 0-0: Called Strike
0-1: Foul Ball, location: 9LSFF
0-2: Ball
1-2: Foul Ball, location: 2F
1-2: Ball
2-2: Ball
3-2: Fly out, F7 (Line Drive, 78S, EV 85.6 MPH)
Runner from 3rd tags up, SCORES, throw by LF
Batting: RHB Davenport Hinkle 0-0: Ball
1-0: Fly out, F6 (Popup, 6MS, EV 65.0 MPH)
Batting: LHB Martin Hemming 0-0: Called Strike
0-1: Fly out, F9 (Flyball, 9LMF, EV 105.6 MPH)
Top of the 1st over - 2 runs, 2 hits, 0 errors, 0 left on base; Vancouver 2 - Des Moines 0
BOTTOM OF THE 1ST
Des Moines Kernels batting - Pitching for Vancouver Mounties : RHP Dave Cain
Pitching: RHP Dave Cain
Batting: RHB Sonny Bigalow 0-0: Ball
1-0: Called Strike
1-1: Ball
2-1: Foul Ball, location: 2F
2-2: Ball
3-2: Fly out, F3 (Popup, 3SF, EV 70.0 MPH)
Batting: LHB Hector Cano, Jr. 0-0: Ball
1-0: Swinging Strike
1-1: Called Strike
1-2: Ground out 4-3 (Groundball, 4, EV 85.0 MPH)
Batting: RHB Félix Parreno 0-0: Ball
1-0: Ball
2-0: Called Strike
2-1: Swinging Strike
2-2: Fly out, F3 (Popup, 3S, EV 85.0 MPH)
Bottom of the 1st over - 0 runs, 0 hits, 0 errors, 0 left on base; Vancouver 2 - Des Moines 0
TOP OF THE 2ND
Vancouver Mounties batting - Pitching for Des Moines Kernels : RHP Alonso Amaya
Batting: LHB Reynaldo Serrano 0-0: Fly out, F6 (Popup, 6MD, EV 48.1 MPH)
Batting: RHB Elmer Willis 0-0: Ground out 5-3 (Groundball, 56S, EV 74.4 MPH)
Batting: RHB Pancho Costa 0-0: Ball
1-0: Called Strike
1-1: Called Strike
1-2: Ball
2-2: Foul Ball, location: 9LSF
2-2: Ball
3-2: Ground out 5-3 (Groundball, 56, EV 88.8 MPH)
Top of the 2nd over - 0 runs, 0 hits, 0 errors, 0 left on base; Vancouver 2 - Des Moines 0
BOTTOM OF THE 2ND
Des Moines Kernels batting - Pitching for Vancouver Mounties : RHP Dave Cain
Batting: LHB Wilson Alomar 0-0: Called Strike
0-1: Ball
1-1: Swinging Strike
1-2: Fly out, F9 (Flyball, 9, EV 91.9 MPH)
Batting: RHB Hasheem Makin 0-0: Called Strike
0-1: Foul Ball, location: 2F
0-2: Foul Ball, location: 9LMF
0-2: Foul Ball, location: 2F
0-2: Ball
1-2: Strikes out swinging, 2-3 out at first.
Batting: LHB Ricardo Norman 0-0: Ball
1-0: Ball
2-0: Swinging Strike
2-1: Ball
3-1: Foul Ball, location: 2F
3-2: SINGLE (Groundball, 5S, EV 67.5 MPH) (infield hit)
Batting: RHB Jeremy Pickens 0-0: Foul Ball, location: 25FF
0-1: Ball
1-1: Ball
2-1: Ground out 4-3 (Groundball, 34S, EV 90.0 MPH)
Bottom of the 2nd over - 0 runs, 1 hit, 0 errors, 1 left on base; Vancouver 2 - Des Moines 0
TOP OF THE 3RD
Vancouver Mounties batting - Pitching for Des Moines Kernels : RHP Alonso Amaya
Batting: RHB Bob Williams 0-0: Ground out 5-3 (Groundball, 5S, EV 80.6 MPH)
Batting: RHB Yodo Sato 0-0: Ball
1-0: DOUBLE (Line Drive, 89XD, EV 99.4 MPH)
Batting: RHB Ramón Moreno 0-0: Ball
1-0: Called Strike
1-1: Foul Ball, location: 7LSF
1-2: Foul Ball, location: 2F
1-2: Ball
2-2: Ground out 2-3 (Groundball, 13S, EV 70.6 MPH)
Yodo Sato to third
Batting: SHB Tony Frost 0-0: Ball
1-0: Swinging Strike
1-1: Ground out 6-3 (Groundball, 6M, EV 103.1 MPH)
Top of the 3rd over - 0 runs, 1 hit, 0 errors, 1 left on base; Vancouver 2 - Des Moines 0
BOTTOM OF THE 3RD
Des Moines Kernels batting - Pitching for Vancouver Mounties : RHP Dave Cain
Batting: SHB Elvan Masûkî 0-0: Ball
1-0: Called Strike
1-1: Ball
2-1: Called Strike
2-2: Foul Ball, location: 5SF
2-2: Ball
3-2: Base on Balls
Batting: RHB Andy Elmer 0-0: Swinging Strike
0-1: Called Strike
0-2: Ball
1-2: Ball
Elvan Masûkî is caught stealing 2nd base 2-4
2-2: Ball
3-2: Fly out, F6 (Popup, 4M, EV 56.3 MPH)
Batting: RHB Sonny Bigalow 0-0: Called Strike
0-1: Ball
1-1: Ball
2-1: SOLO HOME RUN (Flyball, 7D, EV 109.4 MPH), Distance : 425 ft
Batting: LHB Hector Cano, Jr. 0-0: Foul Ball, location: 2F
0-1: Called Strike
0-2: Ball
1-2: Fly out, F8 (Flyball, 8LXD, EV 94.4 MPH)
Bottom of the 3rd over - 1 run, 1 hit, 0 errors, 0 left on base; Vancouver 2 - Des Moines 1
TOP OF THE 4TH
Vancouver Mounties batting - Pitching for Des Moines Kernels : RHP Alonso Amaya
Batting: RHB Davenport Hinkle 0-0: Called Strike
0-1: Foul Ball, location: 2F
0-2: SOLO HOME RUN (Flyball, 7LD, EV 101.3 MPH), Distance : 371 ft
Batting: LHB Martin Hemming 0-0: Ball
1-0: Foul Ball, location: 2F
1-1: Called Strike
1-2: Fly out, F8 (Flyball, 89D, EV 106.9 MPH)
Batting: LHB Reynaldo Serrano 0-0: Ball
1-0: Foul Ball, location: 2F
1-1: Fly out, F8 (Flyball, 8LD, EV 98.1 MPH)
Batting: RHB Elmer Willis 0-0: Ground out 5-3 (Groundball, 56S, EV 81.3 MPH)
Top of the 4th over - 1 run, 1 hit, 0 errors, 0 left on base; Vancouver 3 - Des Moines 1
BOTTOM OF THE 4TH
Des Moines Kernels batting - Pitching for Vancouver Mounties : RHP Dave Cain
Batting: RHB Félix Parreno 0-0: Called Strike
0-1: Foul Ball, location: 9LSF
0-2: Ball
1-2: Foul Ball, location: 2F
1-2: Foul Ball, location: 5DF
1-2: Ball
2-2: Strikes out swinging
Batting: LHB Wilson Alomar 0-0: Ball
1-0: Fly out, F7 (Line Drive, 7, EV 77.5 MPH)
Batting: RHB Hasheem Makin 0-0: Ball
1-0: Ground out 5-3 (Groundball, 56, EV 81.3 MPH)
Bottom of the 4th over - 0 runs, 0 hits, 0 errors, 0 left on base; Vancouver 3 - Des Moines 1
TOP OF THE 5TH
Vancouver Mounties batting - Pitching for Des Moines Kernels : RHP Alonso Amaya
Batting: RHB Pancho Costa 0-0: Fly out, F8 (Line Drive, 89M, EV 103.8 MPH)
Batting: RHB Bob Williams 0-0: Called Strike
0-1: DOUBLE (Flyball, 8RXD, EV 106.3 MPH)
Batting: RHB Yodo Sato 0-0: Ball
1-0: Foul Ball, location: 5DF
1-1: Ground out 5-3 (Groundball, 56, EV 86.3 MPH)
Bob Williams to third
Batting: RHB Ramón Moreno 0-0: Called Strike
0-1: Ball
1-1: Called Strike
1-2: Strikes out swinging
Top of the 5th over - 0 runs, 1 hit, 0 errors, 1 left on base; Vancouver 3 - Des Moines 1
BOTTOM OF THE 5TH
Des Moines Kernels batting - Pitching for Vancouver Mounties : RHP Dave Cain
Batting: LHB Ricardo Norman 0-0: Ball
1-0: Foul Ball, location: 5F
1-1: Ball
2-1: Foul Ball, location: 2F
2-2: Ball
3-2: Ground out 4-3 (Groundball, 4, EV 84.4 MPH)
Batting: RHB Jeremy Pickens 0-0: Swinging Strike
0-1: Foul Ball, location: 5FF
0-2: Ball
1-2: Ball
2-2: Foul Ball, location: 3F
2-2: Strikes out swinging
Batting: SHB Elvan Masûkî 0-0: Ball
1-0: Swinging Strike
1-1: Fly out, F7 (Flyball, 78M, EV 92.5 MPH)
Bottom of the 5th over - 0 runs, 0 hits, 0 errors, 0 left on base; Vancouver 3 - Des Moines 1
TOP OF THE 6TH
Vancouver Mounties batting - Pitching for Des Moines Kernels : RHP Alonso Amaya
Batting: SHB Tony Frost 0-0: Ball
1-0: Called Strike
1-1: Ball
2-1: Ground out 4-3 (Groundball, 4, EV 108.1 MPH)
Batting: RHB Davenport Hinkle 0-0: Ball
1-0: Foul Ball, location: 25FF
1-1: Fly out, F3 (Popup, 3, EV 65.6 MPH)
Batting: LHB Martin Hemming 0-0: Fly out, F9 (Flyball, 9D, EV 86.3 MPH)
Top of the 6th over - 0 runs, 0 hits, 0 errors, 0 left on base; Vancouver 3 - Des Moines 1
BOTTOM OF THE 6TH
Des Moines Kernels batting - Pitching for Vancouver Mounties : RHP Dave Cain
Batting: RHB Andy Elmer 0-0: Called Strike
0-1: Ball
1-1: Foul Ball, location: 3FF
1-2: Fly out, F3 (Popup, 3, EV 76.3 MPH)
Batting: RHB Sonny Bigalow 0-0: Ball
1-0: Foul Ball, location: 9LSF
1-1: Called Strike
1-2: Ball
2-2: Strikes out swinging
Batting: LHB Hector Cano, Jr. 0-0: Ball
1-0: Called Strike
1-1: Foul Ball, location: 2LF
1-2: Ball
2-2: Ball
3-2: Ground out 6-3 (Groundball, 6, EV 85.0 MPH)
Bottom of the 6th over - 0 runs, 0 hits, 0 errors, 0 left on base; Vancouver 3 - Des Moines 1
TOP OF THE 7TH
Vancouver Mounties batting - Pitching for Des Moines Kernels : RHP Alonso Amaya
Batting: LHB Reynaldo Serrano 0-0: Fly out, F8 (Flyball, 8LD, EV 86.3 MPH)
Batting: RHB Elmer Willis 0-0: Fly out, F8 (Flyball, 8LD, EV 105.6 MPH)
Batting: RHB Pancho Costa 0-0: Called Strike
0-1: Ball
1-1: Fly out, F8 (Flyball, 8RM, EV 93.1 MPH)
Top of the 7th over - 0 runs, 0 hits, 0 errors, 0 left on base; Vancouver 3 - Des Moines 1
BOTTOM OF THE 7TH
Des Moines Kernels batting - Pitching for Vancouver Mounties : RHP Dave Cain
Pitching: RHP Bill O'Connor
Batting: RHB Félix Parreno 0-0: Called Strike
0-1: Ball
1-1: Ball
2-1: DOUBLE (Line Drive, 8RXD, EV 85.0 MPH)
Batting: LHB Wilson Alomar 0-0: Ball
1-0: Called Strike
Félix Parreno steals 3rd base
1-1: Fly out, F9 (Flyball, 89M, EV 98.1 MPH)
Runner from 3rd tags up, SCORES, no throw by RF
Batting: RHB Hasheem Makin 0-0: Called Strike
0-1: Ball
1-1: Foul Ball, location: 2F
1-2: Ball
2-2: Foul Ball, location: 2F
2-2: Strikes out swinging
Batting: LHB Ricardo Norman 0-0: Ball
1-0: Called Strike
1-1: Ball
2-1: Foul Ball, location: 7LMF
2-2: DOUBLE (Groundball, 3L, EV 105.6 MPH)
Batting: RHB Jeremy Pickens 0-0: Ball
1-0: Ball
2-0: Ball
3-0: Called Strike
3-1: Base on Balls
Batting: SHB Elvan Masûkî 0-0: Foul Ball, location: 7LSF
0-1: Swinging Strike
0-2: Strikes out swinging
Bottom of the 7th over - 1 run, 2 hits, 0 errors, 2 left on base; Vancouver 3 - Des Moines 2
TOP OF THE 8TH
Vancouver Mounties batting - Pitching for Des Moines Kernels : RHP Alonso Amaya
Pinch Hitting: RHB Thomas Kramer 0-0: Ball
1-0: Ball
2-0: Foul Ball, location: 2F
2-1: Ball
3-1: Swinging Strike
3-2: Base on Balls
Batting: RHB Yodo Sato 0-0: Ball
1-0: SINGLE (Line Drive, 6MD, EV 106.3 MPH)
Thomas Kramer to second
Batting: RHB Ramón Moreno 0-0: SINGLE (Line Drive, 8LS, EV 91.9 MPH)
Thomas Kramer to third
Yodo Sato to second
Batting: SHB Tony Frost 0-0: Called Strike
0-1: Ball
1-1: Foul Ball, location: 2F
1-2: Ball
2-2: Ball
3-2: Foul Ball, location: 3SF
3-2: Foul Ball, location: 2F
3-2: Strikes out looking
Batting: RHB Davenport Hinkle 0-0: Grounds into double play, 6-2-3 (Groundball, 6, EV 110.0 MPH)
Top of the 8th over - 0 runs, 2 hits, 0 errors, 2 left on base; Vancouver 3 - Des Moines 2
BOTTOM OF THE 8TH
Des Moines Kernels batting - Pitching for Vancouver Mounties : RHP Bill O'Connor
Pitching: RHP Rodney Keeley
Now at SS: Thomas Kramer
Batting: RHB Andy Elmer 0-0: Called Strike
0-1: Ball
1-1: Fly out, F8 (Flyball, 8RXD, EV 92.5 MPH)
Batting: RHB Sonny Bigalow 0-0: Ball
1-0: Called Strike
1-1: Ball
2-1: Ball
3-1: Base on Balls
Batting: LHB Hector Cano, Jr. 0-0: Ball
Sonny Bigalow steals 2nd base
1-0: Called Strike
1-1: Foul Ball, location: 2F
1-2: Strikes out swinging
Batting: RHB Félix Parreno 0-0: Called Strike
0-1: Ball
1-1: Fly out, F3 (Popup, 3, EV 73.1 MPH)
Bottom of the 8th over - 0 runs, 0 hits, 0 errors, 1 left on base; Vancouver 3 - Des Moines 2
TOP OF THE 9TH
Vancouver Mounties batting - Pitching for Des Moines Kernels : RHP Alonso Amaya
Batting: LHB Martin Hemming 0-0: Called Strike
0-1: Foul Ball, location: 2RF
0-2: Ball
1-2: Ball
2-2: Ground out 6-3 (Groundball, 6M, EV 101.3 MPH)
Batting: LHB Reynaldo Serrano 0-0: Foul Ball, location: 7LSF
0-1: Fly out, F7 (Flyball, 7S, EV 88.1 MPH)
Batting: RHB Elmer Willis 0-0: Foul Ball, location: 9LSF
0-1: Called Strike
0-2: Strikes out looking
Top of the 9th over - 0 runs, 0 hits, 0 errors, 0 left on base; Vancouver 3 - Des Moines 2
BOTTOM OF THE 9TH
Des Moines Kernels batting - Pitching for Vancouver Mounties : RHP Rodney Keeley
Pitching: RHP Xuan Ngo
Batting: LHB Wilson Alomar 0-0: Ground out 4-3 (Groundball, 4, EV 89.4 MPH)
Batting: RHB Hasheem Makin 0-0: Ball
1-0: Fly out, F7 (Flyball, 78D, EV 101.9 MPH)
Batting: LHB Ricardo Norman 0-0: Swinging Strike
0-1: Ball
1-1: Ball
2-1: Foul Ball, location: 7LMF
2-2: Strikes out looking
Bottom of the 9th over - 0 runs, 0 hits, 0 errors, 0 left on base; Vancouver 3 - Des Moines 2
Tuesday, February 27th , 2024 - OOTP Baseball 24.9 Build 78